SAAA
PENNSAUKEN FLYERS @ ATHLETIC CLUB KC RESERVES
08/31/2033
 
TOP OF THE 1ST
Pennsauken Flyers batting - Pitching for Athletic Club KC Reserves : LHP Mike Truk
Pitching: LHP Mike Truk
Batting: RHB Enrique Ibarra 0-0: Ball
1-0: Called Strike
1-1: Called Strike
1-2: SINGLE (Groundball, 6MD)
Batting: RHB Marc Beck 0-0: Swinging Strike
0-1: Ball
1-1: Ball
2-1: Swinging Strike
2-2: Ball
3-2: Foul Ball, location: 2F
3-2: Foul Ball, location: 2F
3-2: Fly out, F7 (Flyball, 7)
Batting: RHB Danilo Mosca 0-0: Called Strike
0-1: Ball
1-1: Ball
2-1: Fly out, F7 (Flyball, 7S)
Batting: RHB Bartolo Rosas 0-0: Ball
1-0: Called Strike
1-1: Ball
2-1: Foul Ball, location: 2F
2-2: Foul Ball, location: 2F
2-2: Ball
Enrique Ibarra steals 2nd base
3-2: Base on Balls
Batting: RHB Vincente Flores 0-0: Fly out, F9 (Flyball, 9)
Top of the 1st over - 0 runs, 1 hit, 0 errors, 2 left on base; Pennsauken 0 - Athletic Club KC 0
BOTTOM OF THE 1ST
Athletic Club KC Reserves batting - Pitching for Pennsauken Flyers : RHP Seong-rae Park
Pitching: RHP Seong-rae Park
Batting: RHB Arturo Annunziato 0-0: SINGLE (Groundball, 6MD)
Batting: RHB Tony Osorio 0-0: Ball
1-0: Ball
2-0: Ball
3-0: Base on Balls
Arturo Annunziato to second
Batting: LHB Onye Mahusay 0-0: Foul Ball, location: 2F
0-1: Ball
1-1: Fly out, F8 (Line Drive, 8RM)
Batting: LHB Matt Herman 0-0: Called Strike
Arturo Annunziato is caught stealing 3rd base
0-1: Called Strike
0-2: Ball
1-2: Fly out, F9 (Flyball, 89M)
Bottom of the 1st over - 0 runs, 1 hit, 0 errors, 1 left on base; Pennsauken 0 - Athletic Club KC 0
TOP OF THE 2ND
Pennsauken Flyers batting - Pitching for Athletic Club KC Reserves : LHP Mike Truk
Batting: RHB Raúl Moreno 0-0: Ball
1-0: SINGLE (Groundball, 56D)
Batting: SHB Paul Wite 0-0: Called Strike
0-1: Foul Ball, location: 2F
0-2: SINGLE (Groundball, 6D)
Raúl Moreno to second
Batting: RHB Clarence Therrien 0-0: Ball
1-0: Called Strike
1-1: Ball
2-1: Fly out, F8 (Flyball, 8LM)
Batting: RHB Raúl Guerrero 0-0: Ball
1-0: Called Strike
1-1: Called Strike
1-2: Ball
2-2: Ball
3-2: Fly out, F9 (Flyball, 9S)
Batting: RHB Enrique Ibarra 0-0: Fly out, F3 (Popup, 3)
Top of the 2nd over - 0 runs, 2 hits, 0 errors, 2 left on base; Pennsauken 0 - Athletic Club KC 0
BOTTOM OF THE 2ND
Athletic Club KC Reserves batting - Pitching for Pennsauken Flyers : RHP Seong-rae Park
Batting: LHB Kwang-chih Feng 0-0: Ball
1-0: Ball
2-0: Foul Ball, location: 2F
2-1: Foul Ball, location: 2F
2-2: Foul Ball, location: 2F
2-2: Ball
3-2: Base on Balls
Batting: LHB Tony García 0-0: Ball
1-0: Ball
2-0: Fly out, F7 (Flyball, 78M)
Batting: RHB Cristóbal Covarrubiois 0-0: Called Strike
0-1: Foul Ball, location: 2F
0-2: Ball
1-2: Ball
2-2: Grounds into double play, 4-6-3 (Groundball, 34)
Bottom of the 2nd over - 0 runs, 0 hits, 0 errors, 0 left on base; Pennsauken 0 - Athletic Club KC 0
TOP OF THE 3RD
Pennsauken Flyers batting - Pitching for Athletic Club KC Reserves : LHP Mike Truk
Batting: RHB Marc Beck 0-0: Called Strike
0-1: Ground out 5-3 (Groundball, 5L)
Batting: RHB Danilo Mosca 0-0: Called Strike
0-1: Ball
1-1: Foul Ball, location: 2F
1-2: Ball
2-2: Ball
3-2: Base on Balls
Batting: RHB Bartolo Rosas 0-0: Ball
1-0: Foul Ball, location: 2F
1-1: Called Strike
1-2: Ball
2-2: Ball
3-2: Base on Balls
Danilo Mosca to second
Batting: RHB Vincente Flores 0-0: Called Strike
0-1: Ball
1-1: Ball
2-1: Foul Ball, location: 2F
2-2: Strikes out swinging
Batting: RHB Raúl Moreno 0-0: Fly out, F8 (Flyball, 89D)
Top of the 3rd over - 0 runs, 0 hits, 0 errors, 2 left on base; Pennsauken 0 - Athletic Club KC 0
BOTTOM OF THE 3RD
Athletic Club KC Reserves batting - Pitching for Pennsauken Flyers : RHP Seong-rae Park
Batting: RHB Abeni Mbanefo 0-0: Called Strike
0-1: Ball
1-1: SINGLE (Line Drive, 6MD)
Batting: LHB Chi-hun Chong 0-0: Foul Ball, location: 2F
0-1: Called Strike
0-2: Ground out U3 (Groundball, 3)
Abeni Mbanefo to second
Batting: RHB Arturo Annunziato 0-0: Ball
1-0: Swinging Strike
1-1: SINGLE (Line Drive, 7LS)
Abeni Mbanefo to third
Batting: RHB Tony Osorio 0-0: Ball
1-0: Ball
2-0: Foul Ball, location: 2F
2-1: Fly out, F7 (Flyball, 7LSF)
Runner from 3rd tags up, SCORES, no throw
Batting: LHB Onye Mahusay 0-0: Ball
1-0: Foul Ball, location: 2F
1-1: Ball
2-1: Called Strike
2-2: Ball
3-2: Fly out, F8 (Flyball, 78D)
Bottom of the 3rd over - 1 run, 2 hits, 0 errors, 1 left on base; Pennsauken 0 - Athletic Club KC 1
TOP OF THE 4TH
Pennsauken Flyers batting - Pitching for Athletic Club KC Reserves : LHP Mike Truk
Batting: SHB Paul Wite 0-0: Foul Ball, location: 2F
0-1: Ball
1-1: Ball
2-1: Called Strike
2-2: Strikes out swinging
Batting: RHB Clarence Therrien 0-0: Called Strike
0-1: Ball
1-1: Fly out, F9 (Flyball, 89S)
Batting: RHB Raúl Guerrero 0-0: Ball
1-0: Foul Ball, location: 2F
1-1: Swinging Strike
1-2: Ball
2-2: Ground out 6-3 (Groundball, 6M)
Top of the 4th over - 0 runs, 0 hits, 0 errors, 0 left on base; Pennsauken 0 - Athletic Club KC 1
BOTTOM OF THE 4TH
Athletic Club KC Reserves batting - Pitching for Pennsauken Flyers : RHP Seong-rae Park
Batting: LHB Matt Herman 0-0: Ball
1-0: Called Strike
1-1: Foul Ball, location: 2F
1-2: Ball
2-2: Ball
3-2: Foul Ball, location: 2F
3-2: Base on Balls
Batting: LHB Kwang-chih Feng 0-0: Swinging Strike
0-1: Called Strike
0-2: Ball
1-2: Ball
2-2: Ball
3-2: Base on Balls
Matt Herman to second
Batting: LHB Tony García 0-0: Ball
1-0: Called Strike
1-1: Ball
2-1: SINGLE (Groundball, 34D)
Matt Herman to third
Kwang-chih Feng to second
Batting: RHB Cristóbal Covarrubiois 0-0: Called Strike
0-1: Swinging Strike
0-2: Ball
1-2: Ball
2-2: Ball
3-2: Foul Ball, location: 2F
3-2: Base on Balls
Matt Herman scores
Kwang-chih Feng to third
Tony García to second
Batting: RHB Abeni Mbanefo 0-0: Foul Ball, location: 2F
0-1: Foul Ball, location: 2F
0-2: Ball
1-2: Strikes out looking
Batting: LHB Chi-hun Chong 0-0: Ball
1-0: Called Strike
1-1: Ball
2-1: Fly out, F9 (Flyball, 9LM)
Batting: RHB Arturo Annunziato 0-0: Ball
1-0: Ground out 6-3 (Groundball, 6MS)
Bottom of the 4th over - 1 run, 1 hit, 0 errors, 3 left on base; Pennsauken 0 - Athletic Club KC 2
TOP OF THE 5TH
Pennsauken Flyers batting - Pitching for Athletic Club KC Reserves : LHP Mike Truk
Batting: RHB Enrique Ibarra 0-0: Ball
1-0: Ball
2-0: Ball
3-0: Called Strike
3-1: Foul Ball, location: 2F
3-2: Base on Balls
Batting: RHB Marc Beck 0-0: Ball
1-0: Ball
2-0: Called Strike
2-1: Foul Ball, location: 2F
2-2: Ball
3-2: Base on Balls
Enrique Ibarra to second
Batting: RHB Danilo Mosca 0-0: Ball
1-0: Foul Ball, location: 2F
1-1: Called Strike
1-2: Ground out 6-3 (Groundball, 6S)
Enrique Ibarra to third
Marc Beck to second
Batting: RHB Bartolo Rosas 0-0: Foul Ball, location: 2F
0-1: Foul Ball, location: 2F
0-2: Ball
1-2: Ground out 4-3 (Groundball, 4)
Enrique Ibarra scores
Marc Beck to third
Batting: RHB Vincente Flores 0-0: Foul Ball, location: 2F
0-1: Ground out 5-3 (Groundball, 56)
Top of the 5th over - 1 run, 0 hits, 0 errors, 1 left on base; Pennsauken 1 - Athletic Club KC 2
BOTTOM OF THE 5TH
Athletic Club KC Reserves batting - Pitching for Pennsauken Flyers : RHP Seong-rae Park
Batting: RHB Tony Osorio 0-0: Ball
1-0: Ball
2-0: Ground out 1-3 (Groundball, P)
Batting: LHB Onye Mahusay 0-0: Called Strike
0-1: Ball
1-1: Called Strike
1-2: Ground out 2-3 (Groundball, 2R)
Batting: LHB Matt Herman 0-0: Called Strike
0-1: Ball
1-1: Ball
2-1: Called Strike
2-2: Ball
3-2: Base on Balls
Batting: LHB Kwang-chih Feng 0-0: Called Strike
0-1: Called Strike
0-2: Strikes out swinging
Bottom of the 5th over - 0 runs, 0 hits, 0 errors, 1 left on base; Pennsauken 1 - Athletic Club KC 2
TOP OF THE 6TH
Pennsauken Flyers batting - Pitching for Athletic Club KC Reserves : LHP Mike Truk
Pitching: RHP Kas Groen
Batting: RHB Raúl Moreno 0-0: Ball
1-0: Ground out 6-3 (Groundball, 6)
Batting: SHB Paul Wite 0-0: Called Strike
0-1: Ball
1-1: Ball
2-1: Fly out, F5 (Popup, 56S)
Batting: RHB Clarence Therrien 0-0: Foul Ball, location: 2F
0-1: Ball
1-1: Ball
2-1: Ground out 6-3 (Groundball, 6)
Top of the 6th over - 0 runs, 0 hits, 0 errors, 0 left on base; Pennsauken 1 - Athletic Club KC 2
BOTTOM OF THE 6TH
Athletic Club KC Reserves batting - Pitching for Pennsauken Flyers : RHP Seong-rae Park
Batting: LHB Tony García 0-0: Foul Ball, location: 2F
0-1: Swinging Strike
0-2: Strikes out swinging
Batting: RHB Cristóbal Covarrubiois 0-0: Ball
1-0: Ball
2-0: Ball
3-0: Called Strike
3-1: Ground out 6-3 (Groundball, 6)
Batting: RHB Abeni Mbanefo 0-0: Called Strike
0-1: Fly out, F8 (Flyball, 89D)
Bottom of the 6th over - 0 runs, 0 hits, 0 errors, 0 left on base; Pennsauken 1 - Athletic Club KC 2
TOP OF THE 7TH
Pennsauken Flyers batting - Pitching for Athletic Club KC Reserves : RHP Kas Groen
Batting: RHB Raúl Guerrero 0-0: Called Strike
0-1: Ball
1-1: Ball
2-1: SOLO HOME RUN (Flyball, 8RXD), Distance : 429 ft
Batting: RHB Enrique Ibarra 0-0: Swinging Strike
0-1: Ball
1-1: Foul Ball, location: 2F
1-2: Strikes out looking
Batting: RHB Marc Beck 0-0: Foul Ball, location: 2F
0-1: Ball
1-1: Fly out, F7 (Line Drive, 7D)
Batting: RHB Danilo Mosca 0-0: Foul Ball, location: 2F
0-1: Ball
1-1: Fly out, F6 (Line Drive, 56D)
Top of the 7th over - 1 run, 1 hit, 0 errors, 0 left on base; Pennsauken 2 - Athletic Club KC 2
BOTTOM OF THE 7TH
Athletic Club KC Reserves batting - Pitching for Pennsauken Flyers : RHP Seong-rae Park
Batting: LHB Chi-hun Chong 0-0: Foul Ball, location: 2F
0-1: Ball
1-1: Ball
2-1: Ball
3-1: Called Strike
3-2: Base on Balls
Pitching: RHP Manny Hernández
Batting: RHB Arturo Annunziato 0-0: Ball
1-0: Reached on error, E6 (Groundball, 6M)
Chi-hun Chong to second
Batting: RHB Tony Osorio 0-0: Ball
1-0: Bunt missed!
1-1: Sac Bunt - play at first, batter OUT! 1-4
Chi-hun Chong to third
Arturo Annunziato to second
Batting: LHB Onye Mahusay 0-0: Called Strike
0-1: 3-RUN HOME RUN (Flyball, 9LD), Distance : 329 ft
Batting: LHB Matt Herman 0-0: Called Strike
0-1: Ball
1-1: Foul Ball, location: 2F
1-2: Ground out U3 (Groundball, 3L)
Batting: LHB Kwang-chih Feng 0-0: Called Strike
0-1: Called Strike
0-2: Ball
1-2: Strikes out looking
Bottom of the 7th over - 3 runs, 1 hit, 1 error, 0 left on base; Pennsauken 2 - Athletic Club KC 5
TOP OF THE 8TH
Pennsauken Flyers batting - Pitching for Athletic Club KC Reserves : RHP Kas Groen
Batting: RHB Bartolo Rosas 0-0: Called Strike
0-1: Foul Ball, location: 2F
0-2: Ball
1-2: Ball
2-2: Ball
3-2: Fly out, F7 (Flyball, 7)
Batting: RHB Vincente Flores 0-0: Ball
1-0: Ball
2-0: Ground out 6-3 (Groundball, 56)
Batting: RHB Raúl Moreno 0-0: Ball
1-0: Ground out 5-3 (Groundball, 5)
Top of the 8th over - 0 runs, 0 hits, 0 errors, 0 left on base; Pennsauken 2 - Athletic Club KC 5
BOTTOM OF THE 8TH
Athletic Club KC Reserves batting - Pitching for Pennsauken Flyers : RHP Manny Hernández
Batting: LHB Tony García 0-0: Ball
1-0: Swinging Strike
1-1: Ball
2-1: Foul Ball, location: 2F
2-2: Foul Ball, location: 2F
2-2: SINGLE (Groundball, 34D)
Batting: RHB Cristóbal Covarrubiois 0-0: Hit by Pitch
Tony García to second
Pitching: RHP Miguel Cervantes
Batting: RHB Abeni Mbanefo 0-0: Ball
1-0: Ball
2-0: Called Strike
2-1: Swinging Strike
2-2: Strikes out looking
Batting: LHB Chi-hun Chong 0-0: Fly out, F8 (Line Drive, 8LM)
Batting: RHB Arturo Annunziato 0-0: Foul Ball, location: 2F
0-1: Ball
1-1: Ball
2-1: Fly out, F8 (Flyball, 8LD)
Bottom of the 8th over - 0 runs, 1 hit, 0 errors, 2 left on base; Pennsauken 2 - Athletic Club KC 5
TOP OF THE 9TH
Pennsauken Flyers batting - Pitching for Athletic Club KC Reserves : RHP Kas Groen
Pitching: RHP Taalay Ibragimov
Batting: SHB Paul Wite 0-0: Called Strike
0-1: Ball
1-1: Ground out U3 (Groundball, 3)
Batting: RHB Clarence Therrien 0-0: Ball
1-0: Ball
2-0: Ground out U3 (Groundball, 3)
Batting: RHB Raúl Guerrero 0-0: Called Strike
0-1: Foul Ball, location: 2F
0-2: Ball
1-2: Fly out, F8 (Flyball, 8RS)
Top of the 9th over - 0 runs, 0 hits, 0 errors, 0 left on base; Pennsauken 2 - Athletic Club KC 5
Saturday, December 22nd, 2018 - OOTP Baseball 18.8 Build 76